 Dungeon Crawl Stone Soup version 0.28.0-47-ge53b351184 (webtiles) character file.

Game seed: 12305753755365123426

123 styxcanada the Covered (level 4, -3/41 HPs)
             Began as a Minotaur Fighter on May 8, 2022.
             Slain by a sky beast (5 damage)
             ... on level 5 of the Dungeon.
             The game lasted 00:07:22 (2069 turns).

styxcanada the Covered (Minotaur Fighter)           Turns: 2069, Time: 00:07:23

Health: -3/41      AC:  8    Str: 21 (23) XL:     4   Next: 79%
Magic:  3/3        EV:  9    Int:  2 (5)  God:
Gold:   142        SH:  4    Dex:  7 (9)  Spells: 3/3 levels left

rFire   . . .      SeeInvis .   a - +0 war axe
rCold   . . .      Faith    .   c - +0 buckler
rNeg    . . .      Spirit   .   b - +0 scale mail
rPois   .          Reflect  .   (helmet restricted)
rElec   .          Harm     .   k - +0 cloak
rCorr   .          Rampage  .   (no gloves)
Will    .....                   (no boots)
Stlth   ..........              (no amulet)
HPRegen 0.13/turn               (no ring)
MPRegen 0.08/turn               (no ring)

@: mighty
A: horns 2, retaliatory headbutt
a: no special abilities


You were on level 5 of the Dungeon.
You visited 1 branch of the dungeon, and saw 4 of its levels.

You collected 142 gold pieces.

Inventory:

Hand Weapons
 a - a +0 war axe (weapon)
 j - a +0 hunting sling
Missiles
 h - 39 stones (quivered)
 i - 18 sling bullets
Armour
 b - a +0 scale mail (worn)
 c - a +0 buckler (worn)
 k - a +0 cloak (worn)
Jewellery
 m - a +4 ring of evasion
Wands
 s - a wand of paralysis (6)
Scrolls
 n - a scroll of teleportation {unknown}
 p - a scroll of enchant armour {unknown}
Potions
 e - a potion of curing {unknown}
 f - a potion of heal wounds {unknown}
 g - 3 potions of attraction {unknown}
 l - 2 potions of degeneration
 o - a potion of cancellation {unknown}
 q - a potion of magic {unknown}
 r - a potion of resistance {unknown}
 t - a potion of brilliance {unknown}
 u - 2 potions of haste {unknown}


   Skills:
 * Level 4.6 Fighting
 + Level 3.5 Axes
 * Level 5.0 Armour
 + Level 1.0 Dodging
 + Level 3.8 Shields


You had 3 spell levels left.
You didn't know any spells.
Your spell library contained the following spells:

 Spells                   Type           Power      Damage    Failure   Level
 Apportation              Tloc           0%         N/A       92%         1
 Agony                    Necr           0%         N/A       100%        5
 Alistair's Intoxication  Tmut/Pois      0%         N/A       100%        5
 Fireball                 Conj/Fire      0%         3d3       100%        5
 Irradiate                Conj/Tmut      0%         3d13      100%        5
 Malign Gateway           Summ/Tloc      0%         N/A       100%        7
 Summon Horrible Things   Summ           0%         N/A       100%        8


Dungeon Overview and Level Annotations

Branches:
Dungeon (3/15)             Temple (0/1) D:5

Altars:


Innate Abilities, Weirdness & Mutations

You have a pair of horns on your head.
You reflexively headbutt those who attack you in melee.


Message History

The ogre is lightly wounded.
You miss something. Something hits you but does no damage.
The ogre barely misses you. You furiously retaliate!
You headbutt the ogre. Something hits you. Something shocks you.
You slash the ogre!
The ogre is almost dead.
You miss something.
The ogre hits you with a +0 giant spiked club!
A sky beast appears from thin air!
Reactivating autopickup.
The sky beast hits you. The sky beast shocks you.
The sky beast flickers out of sight!
Deactivating autopickup; reactivate with Ctrl-A.
You miss something. Something hits you but does no damage.
You miss something. Something hits you. Something shocks you.
* * * LOW HITPOINT WARNING * * *
A sky beast appears from thin air!
Reactivating autopickup.
The sky beast hits you.
* * * LOW HITPOINT WARNING * * *
The sky beast shocks you.
* * * LOW HITPOINT WARNING * * *
It was a potion of degeneration.
There was something very wrong with that liquid.
You feel weakened.
You feel dopey.
You feel clumsy.
The sky beast hits you but does no damage.
You feel very mighty all of a sudden. The sky beast barely misses you.
You slash the sky beast!
The sky beast is heavily wounded.
The sky beast hits you but does no damage.
You closely miss the sky beast.
The sky beast is heavily wounded.
The sky beast hits you but does no damage.
You closely miss the sky beast. You headbutt the sky beast!
The sky beast is severely wounded.
The sky beast hits you.
* * * LOW HITPOINT WARNING * * *
The sky beast shocks you.
You die...

..#.......#....
.............#
..#...>...#..#
#............#
#.#.....≈.#..#
#............###
#.#.#.#.#.#.....
#...........##########
........!.....OY@....#
#######^#.##########.#
#...# ##..# #..####
##>..)# ####### ####.#
......# #.# #####.#
#.#


You could see a sky beast and an ogre.

Vanquished Creatures
  Robin (D:2)
  4 adders
  A worm (D:2)
  2 dart slugs (D:2)
  3 orcs
  3 bats
  6 endoplasms
  10 goblins
  6 hobgoblins
  11 jackals
  A quokka (D:1)
  6 ball pythons
  A frilled lizard (D:2)
  4 kobolds
  4 rats
63 creatures vanquished.

Notes
Turn   | Place    | Note
-------+----------+-------------------------------------------
     0 | D:1      | styxcanada the Minotaur Fighter began the quest for the
                  | Orb.
     0 | D:1      | Reached XP level 1. HP: 19/19 MP: 0/0
    35 | D:1      | Reached XP level 2. HP: 27/27 MP: 1/1
   153 | D:1      | Reached skill level 4 in Armour
   617 | D:2      | Got the Incunabulum of Harmful Sinister Arts
   901 | D:2      | Reached XP level 3. HP: 33/34 MP: 2/2
  1073 | D:2      | Noticed Robin
  1086 | D:2      | Killed Robin
  1088 | D:2      | Reached XP level 4. HP: 23/41 MP: 3/3
  1970 | D:3      | Reached skill level 1 in Dodging
  1977 | D:3      | Reached skill level 5 in Armour
  1991 | D:3      | Found a faded altar of an unknown god.
  2018 | D:3      | You fall into a shaft and drop 2 floors!
  2018 | D:5      | Entered Level 5 of the Dungeon
  2047 | D:5      | Noticed an ogre
  2048 | D:5      | Found a staircase to the Ecumenical Temple.
  2048 | D:5      | Noticed a sky beast
  2064 | D:5      | HP: 2/41 [sky beast (6)]
  2069 | D:5      | HP: 2/41 [sky beast (1)]
  2069 | D:5      | Slain by a sky beast

Illustrated notes

Levels and vault maps discovered:
D:1:      minmay_arrival_checkered_box, layout_rooms, kennysheep_crisscross,
          minmay_pentomino_p4
D:2:      layout_rooms, kennysheep_cluttered_room, uniq_robin
D:3:      layout_basic, nicolae_ecumenical_snake_handling,
          minmay_misc_feat_doors
D:5:      layout_basic, minmay_temple_entry_glass, nicolae_elemental_shop,
          chequers_serial_rivers_large_b, roderic_st_hans_cross

Skill      XL: |  1  2  3  4 |
---------------+-------------+-----
Fighting       | 4 |  4.6
Armour         | 4 5 |  5.0
Axes           | 3 |  3.5
Dodging        | 1 |  1.0
Shields        | |  3.8

Action                   |  1- 3 |  4- 6 || total
-------------------------+-------+-------++-------
Melee: War axe           |    68 |    59 ||   127
       Headbutt          |    12 |    11 ||    23
  Use: Potion            |       |     2 ||     2
Armor: Scale mail        |    31 |    25 ||    56
Dodge: Dodged            |    35 |    27 ||    62
Block: Buckler           |    13 |     9 ||    22
